 Dungeon Crawl Stone Soup version 0.14.0-24-gfb45beb (webtiles) character file.

1237 staplegun the Skirmisher (level 8, -3/76 HPs)
             Began as a Gargoyle Berserker on Apr 23, 2014.
             Was a Believer of Trog.
             Slain by an ogre
             ... wielding a +0,+0 giant spiked club
              (20 damage)
             ... on Level 6 of the Dungeon.
             The game lasted 00:04:43 (4063 turns).

staplegun the Skirmisher (Gargoyle Berserker)       Turns: 4063, Time: 00:04:43

HP  -3/76        AC 16     Str 27      XL: 8   Next: 18%
MP   8/8         EV  4     Int  9      God: Trog [**....]
Gold 246         SH 30     Dex  9      Spells:  0 memorised,  7 levels left

rFire  . . .     SeeInvis .     a - +0 mace
rCold  . . .     Clarity  .     C - +1 chain mail
rNeg   + . .     Conserve .     t - +0 large shield
rPois  +         rCorr    .     (no helmet)
rElec  +         rRot     +     (no cloak)
SustAb . .       Spirit   .     (no gloves)
rMut   .         Warding  .     (no boots)
Saprov . . .     Stasis   .     (no amulet)
MR     .....                    (no ring)
                                (no ring)

@: berserking, very quick, not resistant to hostile enchantments, extremely
unstealthy
A: life protection 1, electricity resistance, unbreathing, petrification
resistance, AC +5
a: Burn Spellbooks, Berserk, Trog's Hand, Renounce Religion


You were on level 6 of the Dungeon.
You worshipped Trog.
Trog was pleased with you.
You were not hungry.

You visited 1 branch of the dungeon, and saw 6 of its levels.

You collected 246 gold pieces.

Inventory:

Hand weapons
 a - a +0,+0 mace (weapon)
Armour
 b - a +0 animal skin
 o - a +0 ring mail
 t - a +0 large shield (worn)
 y - a +1 ring mail of fire resistance
 C - a +1 chain mail (worn)
Magical devices
 z - a wand of slowing (5)
 A - a wand of polymorph (14)
Comestibles
 c - 2 bread rations
 q - a meat ration
Scrolls
 e - 5 scrolls of remove curse {unknown}
 f - 4 scrolls of identify {unknown}
 g - a scroll of blinking {unknown}
 h - a scroll of amnesia {unknown}
 j - a scroll of recharging {unknown}
 k - 2 scrolls of fog {unknown}
 s - a scroll of noise {unknown}
 u - a scroll of fear {unknown}
 v - 3 scrolls of teleportation {unknown}
 D - a scroll of random uselessness {unknown}
Jewellery
 d - an uncursed ring of see invisible {unknown}
 x - an uncursed amulet of inaccuracy {unknown}
 E - an uncursed amulet of the gourmand {unknown}
Potions
 i - 2 potions of curing {unknown}
 l - 3 potions of might {unknown}
 m - 2 potions of degeneration {unknown}
 n - a potion of heal wounds {unknown}
 p - 3 potions of haste {unknown}
 r - a potion of resistance {unknown}
 w - 2 potions of agility {unknown}
 B - a potion of magic {unknown}


   Skills:
 + Level 6.2 Fighting
 + Level 6.1 Maces & Flails
 + Level 5.7 Armour
 - Level 1.5 Dodging
 + Level 4.0 Shields


You had 7 spell levels left.
You didn't know any spells.

Dungeon Overview and Level Annotations

Branches:
Dungeon (6/15)
 Temple: D:4-7

Altars:
Cheibriados
Fedhas


Innate Abilities, Weirdness & Mutations

You are resistant to torment.
You are immune to poison.
You are immune to rotting.
Your stone body is very resilient (AC +5).
You resist negative energy.
You are resistant to electric shocks.
You can survive without breathing.
You are immune to petrification.


Message History

You are too injured to fight recklessly!
You are too injured to fight recklessly!
You are too injured to fight recklessly!
You are too injured to fight recklessly!
You are too injured to fight recklessly!
You are too injured to fight recklessly!
You are too injured to fight recklessly!
You are too injured to fight recklessly!
You are too injured to fight recklessly!
You are too injured to fight recklessly!
You are too injured to fight recklessly!
You are too injured to fight recklessly!
Use which ability? (? or * to list)
A red film seems to cover your vision as you go berserk!
You feel yourself moving faster!
You feel mighty!
You feel somewhat more hungry.
Your shield prevents you from hitting the ogre.
The ogre is severely wounded.
The ogre hits you with a giant spiked club!
You die...

..# #...# #...#
#...# #...# #...#
####...# #...#
........# #...#
........# #...#
........# #...#
........O# #<..#
.......<@# #...#
.........######...#
..................#
.................#
##################


You could see an ogre.

Vanquished Creatures
  An ice beast (D:5)
  A phantom (D:4)
  A black bear (D:4)
  An ogre (D:3)
  2 centaurs
  Sigmund (D:2)
  The ghost of staplegun the Skirmisher, a weakling GrBe of Trog (D:3)
  A hound (D:4)
  3 orc priests
  2 worker ants
  A killer bee zombie (D:4)
  Jessica (D:3)
  A hound skeleton (D:4)
  7 adders
  4 worms
  2 oozes (D:1)
  9 orcs
  2 bat skeletons (D:4)
  6 goblins
  9 hobgoblins
  3 jackals (D:1)
  9 kobolds
  2 quokkas
  9 bats
  3 giant cockroaches
  4 giant geckos
  5 giant newts
  7 rats
98 creatures vanquished.

Notes
Turn   | Place    | Note
--------------------------------------------------------------
     0 | D:1      | staplegun, the Gargoyle Berserker, began the quest for the Orb.
     0 | D:1      | Reached XP level 1. HP: 14/14 MP: 1/1
    40 | D:1      | Reached XP level 2. HP: 9/19 MP: 2/2
   360 | D:1      | Reached XP level 3. HP: 13/23 MP: 3/3
   854 | D:2      | Noticed Sigmund
   868 | D:2      | Killed Sigmund
   868 | D:2      | Reached skill level 4 in Fighting
   868 | D:2      | Reached XP level 4. HP: 29/29 MP: 4/4
  1016 | D:2      | Reached XP level 5. HP: 30/34 MP: 5/5
  1119 | D:2      | Acquired Trog's second power
  1370 | D:3      | Found a snail-covered altar of Cheibriados.
  1498 | D:3      | Noticed staplegun's ghost (weakling GrBe)
  1521 | D:3      | Killed staplegun's ghost
  1521 | D:3      | Reached skill level 1 in Shields
  1782 | D:3      | Noticed a centaur
  1798 | D:3      | Killed a centaur
  1798 | D:3      | Reached XP level 6. HP: 7/40 MP: 6/6
  2066 | D:3      | Noticed Jessica
  2076 | D:3      | Killed Jessica
  2178 | D:3      | Reached skill level 5 in Fighting
  2222 | D:3      | Noticed an ogre
  2229 | D:3      | Killed an ogre
  2229 | D:3      | Reached skill level 5 in Maces & Flails
  2683 | D:4      | Reached XP level 7. HP: 11/44 MP: 7/7
  2914 | D:4      | Reached skill level 5 in Armour
  3263 | D:4      | Found a blossoming altar of Fedhas.
  3523 | D:5      | Entered Level 5 of the Dungeon
  3566 | D:5      | Reached XP level 8. HP: 51/51 MP: 8/8
  3616 | D:5      | Reached skill level 6 in Fighting
  4063 | D:6      | Slain by an ogre

Action                   |  1- 3 |  4- 6 |  7- 9 || total
-------------------------+-------+-------+-------++-------
Melee: Mace              |   101 |   172 |   241 ||   514
Invok: Berserk           |     1 |     1 |     1 ||     3
       Trog's Hand       |       |     2 |     2 ||     4
Evoke: Wand              |       |       |     2 ||     2
